 Dungeon Crawl Stone Soup version 0.25-a0-294-gea9b1ad (webtiles) character file.

Game seed: 8590618645193019517, levelgen mode: deterministic

81 Spazmo the Magician (level 4, 0/24 HPs)
             Began as a Deep Elf Fire Elementalist on Dec 18, 2019.
             Slain by Crazy Yiuf
             ... wielding a +4 quarterstaff of chaos
              (4 damage)
             ... on level 3 of the Dungeon.
             The game lasted 00:05:47 (1238 turns).

Spazmo the Magician (Deep Elf Fire Elementalist)    Turns: 1238, Time: 00:05:47

Health: 0/24       AC:  2    Str:  5    XL:     4   Next: 19%
Magic:  10/12      EV: 13    Int: 21    God:
Gold:   137        SH:  0    Dex: 15    Spells: 7/11 levels left

rFire    . . .     SeeInvis .   k - +1 dagger
rCold    . . .     Gourm    .   (no shield)
rNeg     . . .     Faith    .   a - +0 robe
rPois    .         Spirit   .   (no helmet)
rElec    .         Reflect  .   (no cloak)
rCorr    .         Harm     .   (no gloves)
MR       .....                  (no boots)
Stlth    ++........             i - amulet of magic regeneration
HPRegen  0.08/turn              g - ring of flight
MPRegen  0.38/turn              (no ring)

@: very slightly contaminated
A: no striking features
a: Evoke Flight


You were on level 3 of the Dungeon.
You were not hungry.

You visited 1 branch of the dungeon, and saw 3 of its levels.

You collected 137 gold pieces.

Inventory:

Hand Weapons
 k - a +1 dagger (weapon)
Missiles
 n - 31 stones (quivered)
Armour
 a - a +0 robe (worn)
Jewellery
 g - a ring of flight (left hand)
 i - an amulet of magic regeneration (around neck)
 l - an uncursed ring of ice
Scrolls
 b - 2 scrolls of identify
 d - a scroll of teleportation
 f - 3 scrolls of remove curse {unknown}
Potions
 e - a potion of cancellation
 j - a potion of resistance {unknown}
 m - a potion of degeneration {unknown}
 o - a potion of ambrosia {unknown}
 p - a potion of might {unknown}
Comestibles
 c - 3 rations
 h - 2 chunks of flesh


   Skills:
 - Level 2.4 Dodging
 - Level 2.4 Stealth
 + Level 4.3 Spellcasting
 + Level 2.6 Conjurations
 + Level 4.2 Fire Magic


You had 7 spell levels left.
You knew the following spells:

 Your Spells              Type           Power        Failure   Level  Hunger
a - Foxfire               Conj/Fire      ###.         3%          1    None
b - Conjure Flame         Conj/Fire      ###.....     9%          3    ##.....

Your spell library contained the following spells:

 Spells                   Type           Power        Failure   Level  Hunger
 Inner Flame              Hex/Fire       ##......     14%         3    ##.....
 Sticky Flame             Conj/Fire      ###.....     28%         4    ####...
 Fireball                 Conj/Fire      ###.......   63%         5    ######.


Dungeon Overview and Level Annotations

Branches:
Dungeon (2/15)

Altars:
Qazlal

Annotations:
D:3 Crazy Yiuf


Message History

* * * LOW HITPOINT WARNING * * *
The foxfire hits Crazy Yiuf.
Crazy Yiuf is heavily wounded.
The foxfire hits Crazy Yiuf.
Crazy Yiuf is severely wounded.
Crazy Yiuf yells, "Citrus koolooloo verde!"
Crazy Yiuf drinks a potion.
Crazy Yiuf is healed!
Casting: Foxfire (safe; 3% risk of failure)
Confirm with . or Enter, or press ? or * to list all spells.
You conjure some foxfire!
The foxfire hits Crazy Yiuf.
Crazy Yiuf is heavily wounded.
The foxfire hits Crazy Yiuf.
Crazy Yiuf is almost dead.
Crazy Yiuf laughs, "Mugger!"
Casting: Foxfire (safe; 3% risk of failure)
Confirm with . or Enter, or press ? or * to list all spells.
You conjure some foxfire!
Crazy Yiuf hits you with a +4 quarterstaff of chaos.
You die...

######### #
######.......#.#
######...##.....v.#.#...
..........'....g@.'......
#####..#####....v.###...#.
#....# #......###.#...
♣....♣ #..............
♣...♣♣ #.......#......
♣♣.♣♣ ###+#.......... ♣.♣♣
###.#.......... ♣♣.♣
#.#....)....# ♣.♣♣
#.#.###.###....


You could see Crazy Yiuf.

Vanquished Creatures
  Natasha (D:2)
  An adder (D:2)
  A dart slug (D:1)
  2 leopard geckos (D:1)
  An orc (D:3)
  A ball python (D:2)
  5 bats (D:1)
  2 giant cockroaches
  5 goblins
  7 hobgoblins
  4 jackals (D:2)
  2 kobolds (D:1)
  3 frilled lizards (D:1)
  5 rats
  A toadstool (D:2)
41 creatures vanquished.

Vanquished Creatures (others)
  102 foxfires
  5 toadstools (D:2)
107 creatures vanquished.

Grand Total: 148 creatures vanquished

Notes
Turn   | Place    | Note
-------+----------+-------------------------------------------
     0 | D:1      | Spazmo the Deep Elf Fire Elementalist began the quest for
                  | the Orb.
     0 | D:1      | Reached XP level 1. HP: 10/10 MP: 6/6
   124 | D:1      | Reached XP level 2. HP: 15/15 MP: 6/8
   325 | D:1      | Reached XP level 3. HP: 19/19 MP: 6/10
   330 | D:1      | Learned a level 3 spell: Conjure Flame
   721 | D:2      | Found a stormy altar of Qazlal.
  1106 | D:2      | Noticed Natasha
  1111 | D:2      | Killed Natasha
  1111 | D:2      | Reached XP level 4. HP: 20/24 MP: 9/12
  1134 | D:2      | You fall into a shaft and drop 1 floor!
  1172 | D:3      | Identified the cursed +0 plate armour of Atheism {Regen+
                  | Str+3 Int+3}
  1208 | D:3      | Found a runed translucent door.
  1209 | D:3      | Noticed Crazy Yiuf
  1238 | D:3      | Slain by Crazy Yiuf

Levels and vault maps discovered:
D:1:      nicolae_arrival_memento_mori, layout_rooms, corner_web_ring
D:2:      layout_basic, lemuel_doored_altar, minmay_gold_behind_fungi,
          uniq_terence, uniq_natasha
D:3:      layout_basic, minmay_checkerbox, uniq_crazy_yiuf_cottage, uniq_grinder

Skill      XL: |  1  2  3 |
---------------+----------+-----
Conjurations   | 2 |  2.6
Fire Magic     | 4 |  4.2
Spellcasting   | 4 |  4.3
Dodging        | |  2.4
Stealth        | |  2.4

Action                   |  1- 3 |  4- 6 || total
-------------------------+-------+-------++-------
Melee: Dagger            |     7 |       ||     7
 Cast: Foxfire           |    47 |    15 ||    62
  Use: Scroll            |     4 |     1 ||     5
  Eat: Chunk             |       |     1 ||     1
Armor: Robe              |     4 |     2 ||     6
Dodge: Dodged            |     5 |     2 ||     7

Table legend:
 A = Non-vault XP
 B = Vault XP
 C = Vault XP percentage of total XP
 D = Non-vault monster count
 E = Vault monster count
 F = Vault count percentage of total count
                 A         B        C        D         E       F
            +---------+---------+-------+---------+---------+-------
      Total |      75 |      41 |  35.3 |      35 |       5 |  12.5
            +---------+---------+-------+---------+---------+-------
        D:1 |      41 |       0 |   0.0 |      23 |       0 |   0.0
        D:2 |      34 |      33 |  49.3 |      12 |       1 |   7.7
        D:3 |       0 |       8 | 100.0 |       0 |       4 | 100.0
            +---------+---------+-------+---------+---------+-------
